 Dungeon Crawl Stone Soup version 0.31-a0-210-gccc998df9b (webtiles) character file.

Game seed: 17542351359944452763

81 qw the Shooter (level 4, -1/36 HPs)
             Began as a Minotaur Hexslinger on June 29, 2023.
             Slain by a kobold
             ... wielding a +0 short sword
              (2 damage)
             ... on level 3 of the Dungeon.
             The game lasted 00:00:44 (1815 turns).

qw the Shooter (Minotaur Hexslinger)                Turns: 1815, Time: 00:00:44

Health: -1/36      AC:  7    Str: 12    XL:     4   Next: 19%
Magic:  4/4        EV: 11    Int: 10    God:
Gold:   222        SH:  0    Dex: 15    Spells: 4/5 levels left

rFire   . . .        Y - +1 sling
rCold   . . .        (no shield)
rNeg    . . .        d - +0 ring mail
rPois   .            (helmet restricted)
rElec   .            j - +0 cloak
rCorr   .            g - +0 pair of gloves
SInv    .            (no boots)
Will    .....        (no amulet)
Stlth   +            (no ring)
HPRegen 0.26/turn    (no ring)
MPRegen 0.09/turn

%: no passive effects
@: no status effects
A: horns 2, retaliatory headbutt
a: no special abilities


You were on level 3 of the Dungeon.
You visited 1 branch of the dungeon, and saw 3 of its levels.

You collected 222 gold pieces.


Innate Abilities, Weirdness & Mutations

You have a pair of horns on your head.
You reflexively headbutt those who attack you in melee.


   Skills:
 - Level 2.0 Fighting
 + Level 4.5 Ranged Weapons
 - Level 1.0 Armour
 - Level 2.1 Dodging
 - Level 1.0 Spellcasting
 - Level 2.0 Hexes


You had 4 spell levels left.
You knew the following spells:

 Your Spells              Type           Power      Damage    Failure   Level
a - Slow                  Hex            16%        N/A       34%         1

Your spell library contained the following spells:

 Spells                   Type           Power      Damage    Failure   Level
 Inner Flame              Hex/Fire       2%         N/A       83%         3
 Portal Projectile        Hex/Tloc       4%         N/A       83%         3
 Cause Fear               Hex            2%         N/A       98%         4

Inventory:

Hand Weapons
 Y - a +1 sling (weapon)
Armour
 d - a +0 ring mail (worn)
 g - a +0 pair of gloves (worn)
 j - a +0 cloak (worn)
Scrolls
 i - a scroll of identify {unknown}
 k - a scroll of blinking {unknown}
Potions
 a - a potion of haste
 b - a potion of invisibility {unknown}
 c - a potion of attraction {unknown}
 e - a potion of curing
 f - a potion of might {unknown}
 h - a potion of lignification {unknown}

Dungeon Overview and Level Annotations

Branches:
Dungeon (3/15)

Altars:

Shops:
D:2 =


Message History

A kobold comes into view. It is wielding a +0 short sword.
You shoot a sling bullet. The sling bullet hits the iguana.
The iguana is lightly wounded.
You shoot a sling bullet.
The sling bullet barely misses the iguana.
You shoot a sling bullet. The sling bullet hits the kobold.
The kobold is heavily wounded.
The iguana bites you!
You shoot a sling bullet. The sling bullet hits the iguana.
The iguana is heavily wounded.
The iguana closely misses you.
You shoot a sling bullet.
The sling bullet barely misses the iguana.
A goblin comes into view. It is wielding a +0 dagger.
The iguana bites you!
You shoot a sling bullet.
The sling bullet closely misses the iguana.
The iguana bites you! The iguana barely misses you.
You shoot a sling bullet.
The sling bullet barely misses the iguana.
The iguana closely misses you.
You shoot a sling bullet. The sling bullet hits the iguana!
The iguana is almost dead.
The iguana completely misses you. The kobold barely misses you.
You shoot a sling bullet.
The sling bullet hits the iguana but does no damage.
The iguana is almost dead.
The kobold hits you but does no damage. The iguana bites you.
The iguana misses you. The kobold hits you but does no damage.
You shoot a sling bullet.
The sling bullet closely misses the iguana.
The iguana closely misses you. The kobold hits you but does no damage.
You shoot a sling bullet.
The sling bullet barely misses the iguana.
The iguana bites you. The kobold misses you.
You shoot a sling bullet.
The sling bullet barely misses the iguana.
The iguana completely misses you.
The kobold hits you with a +0 short sword.
You die...

# ## .## ..# ##. #.#
##### .... #.#
#...####..... #.###
#...#.lg...# #...###
####...#@#..#
###...###........K.#
#####.##.....#..#..#
>####.....##>..##.###.#
.##.).#..###...#
#.##.##
....####..##...# #.....
.#.######..#...### #...
.#..........)%...##....
...#######..)..###.##.#


You could see an iguana, a goblin and a kobold.

Vanquished Creatures
  An adder (D:3)
  2 worms (D:2)
  A dart slug (D:1)
  4 orcs
  3 ball pythons (D:2)
  2 bats
  7 endoplasms
  4 giant cockroaches
  5 goblins
  4 hobgoblins
  3 quokkas (D:1)
  6 frilled lizards
  8 kobolds
  5 rats
55 creatures vanquished.

Notes
Turn   | Place    | Note
-------+----------+-------------------------------------------
     0 | D:1      | qw the Minotaur Hexslinger began the quest for the Orb.
     0 | D:1      | Reached XP level 1. HP: 16/16 MP: 1/1
     0 | D:1      | 0 ||| qw: Version: 0.3-a-24-ga2abf7b
     0 | D:1      | 0 ||| qw: Game counter: 6833
     0 | D:1      | 0 ||| qw: Melee chars always use a shield: true
     0 | D:1      | 0 ||| qw: God list: Okawaru
     0 | D:1      | 0 ||| qw: Allow faded altars: false
     0 | D:1      | 0 ||| qw: Do Orc after clearing Dungeon:15 true
     0 | D:1      | 0 ||| qw: Do second Lair branch before Depths: true
     0 | D:1      | 0 ||| qw: Lair rune preference: random
     0 | D:1      | 0 ||| qw: Goals: Normal
     0 | D:1      | 0 ||| PLANNING D:1-11
    19 | D:1      | HP: 4/16 [hobgoblin (4)]
    94 | D:1      | 94 ||| FLEEEEING.
    95 | D:1      | 95 ||| FLEEEEING.
    96 | D:1      | 96 ||| FLEEEEING.
    97 | D:1      | 97 ||| FLEEEEING.
    98 | D:1      | 98 ||| FLEEEEING.
    99 | D:1      | 99 ||| FLEEEEING.
   126 | D:1      | Reached skill level 3 in Ranged Weapons
   167 | D:1      | Reached XP level 2. HP: 23/23 MP: 2/2
   370 | D:1      | Reached XP level 3. HP: 23/29 MP: 3/3
   750 | D:1      | 750 ||| UPGRADING to +0 ring mail.
   760 | D:1      | 760 ||| DROPPING +0 robe.
   761 | D:1      | 761 ||| UPGRADING to +0 cloak.
   766 | D:1      | 766 ||| READING scroll labelled ATUIGIFEARE EQIUCA.
   767 | D:1      | 767 ||| READING scroll labelled WOUMNURCHURYA.
   868 | D:1      | 868 ||| DROPPING scroll of poison.
  1025 | D:2      | Reached skill level 4 in Ranged Weapons
  1182 | D:2      | Found Torphel's Jewellery Shop.
  1194 | D:2      | Reached skill level 1 in Armour
  1209 | D:2      | 1209 ||| SHOPLISTING +5 ring of evasion (432 gold, have
                  | 164).
  1209 | D:2      | 1209 ||| SHOPLISTING +6 ring of dexterity (432 gold, have
                  | 164).
  1209 | D:2      | 1209 ||| SHOPLISTING ring "Miska" {Contam rElec rCorr Str+5
                  | Stlth-} (450 gold, have 164).
  1209 | D:2      | 1209 ||| SHOPLISTING ring of poison resistance (240 gold,
                  | have 164).
  1209 | D:2      | 1209 ||| SHOPLISTING ring of protection from fire (300
                  | gold, have 164).
  1625 | D:2      | 1625 ||| UPGRADING to +0 pair of gloves.
  1630 | D:2      | 1630 ||| DRINKING 2 red potions.
  1631 | D:2      | 1631 ||| DRINKING 2 silvery potions.
  1637 | D:3      | 1637 ||| PLANNING SEWER
  1698 | D:3      | Reached XP level 4. HP: 28/36 MP: 4/4
  1809 | D:3      | HP: 8/36 [iguana (11)]
  1814 | D:3      | HP: 1/36 [iguana (4)]
  1815 | D:3      | Slain by a kobold

Levels and vault maps discovered:
D:1:      heliophobic_arrival_ceremonial_halls, layout_basic,
          minmay_tromino_v4_a
D:2:      layout_basic, serial_shops, nicolae_shop_statue_plus, moated_statue
D:3:      layout_rooms, lightli_sewer_entry_pipes, minmay_misc_feat_rugged,
          hex_intersection

Skill      XL: |  1  2  3 |
---------------+----------+-----
Ranged Weapons | 3 4 |  4.5
Fighting       | 2 |  2.0
Armour         | 1 |  1.0
Dodging        | |  2.1
Spellcasting   | |  1.0
Hexes          | |  2.0

Action                     |  1- 3 |  4- 6 || total
---------------------------+-------+-------++-------
   Fire: Sling             |   159 |    20 ||   179
    Use: Scroll            |     2 |       ||     2
         Potion            |     2 |       ||     2
 Armour: Robe              |    11 |       ||    11
         Ring mail         |    14 |     4 ||    18
  Dodge: Dodged            |    60 |    10 ||    70

Table legend:
 A = Non-vault XP
 B = Vault XP
 C = Vault XP percentage of total XP
 D = Non-vault monster count
 E = Vault monster count
 F = Vault count percentage of total count
                 A         B        C        D         E       F
            +---------+---------+-------+---------+---------+-------
      Total |     109 |       7 |   6.0 |      51 |       4 |   7.3
            +---------+---------+-------+---------+---------+-------
        D:1 |      43 |       7 |  14.0 |      24 |       4 |  14.3
        D:2 |      35 |       0 |   0.0 |      19 |       0 |   0.0
        D:3 |      31 |       0 |   0.0 |       8 |       0 |   0.0
            +---------+---------+-------+---------+---------+-------
